 Dungeon Crawl Stone Soup version 0.26-a0-415-g2a96157 (webtiles) character file.

Game seed: 4318448587322018

62 varedna the Sneak (level 4, 0/38 HPs)
             Began as a Gnoll Wanderer on July 25, 2020.
             Slain by a worm (12 damage)
             ... on level 2 of the Dungeon.
             The game lasted 00:02:57 (1975 turns).

varedna the Sneak (Gnoll Wanderer)                  Turns: 1975, Time: 00:02:58

Health: 0/38       AC:  2    Str: 17    XL:     4   Next: 8%
Magic:  5/5        EV: 12    Int: 15    God:
Gold:   73         SH:  0    Dex: 18    Spells: 5/5 levels left

rFire    . . .     SeeInvis .   a - +2 dagger
rCold    . . .     Faith    .   (no shield)
rNeg     . . .     Spirit   .   f - +0 robe
rPois    .         Reflect  .   (no helmet)
rElec    .         Harm     .   (no cloak)
rCorr    .                      (no gloves)
MR       .....                  (no boots)
Stlth    +++.......             (no amulet)
HPRegen  0.12/turn              o - +6 ring of dexterity (curse)
MPRegen  0.09/turn              (no ring)

@: no status effects
A: distributed training, fangs 1, strong nose
a: no special abilities


You were on level 2 of the Dungeon.
You visited 1 branch of the dungeon, and saw 2 of its levels.

You collected 73 gold pieces.

Inventory:

Hand Weapons
 a - a +2 dagger (weapon)
 e - a +0 dagger
Missiles
 d - 9 poisoned darts (quivered)
Armour
 f - a +0 robe (worn)
Jewellery
 o - a cursed +6 ring of dexterity (left hand)
Scrolls
 g - a scroll of fear {unknown}
 i - a scroll of enchant armour {unknown}
 j - 3 scrolls of remove curse {unknown}
 n - a scroll of identify {unknown}
 p - a scroll of immolation {unknown}
Potions
 b - 4 potions of haste
 c - a potion of curing
 h - a potion of invisibility {unknown}
 k - a potion of heal wounds
 l - a potion of mutation {unknown}
 m - a potion of lignification {unknown}


   Skills:
 + Level 4.6 Fighting
 + Level 1.0 Short Blades
 + Level 1.0 Long Blades
 + Level 1.0 Axes
 + Level 1.0 Maces & Flails
 + Level 1.0 Polearms
 + Level 4.6 Staves
 + Level 1.0 Slings
 + Level 1.0 Bows
 + Level 1.0 Crossbows
 + Level 2.7 Throwing
 + Level 1.0 Armour
 + Level 1.0 Dodging
 + Level 6.0 Stealth
 + Level 1.0 Shields
 + Level 4.6 Unarmed Combat
 + Level 1.0 Spellcasting
 + Level 0.7 Conjurations
 + Level 0.7 Hexes
 + Level 0.7 Summonings
 + Level 0.7 Necromancy
 + Level 0.7 Translocations
 + Level 0.7 Transmutations
 + Level 0.7 Fire Magic
 + Level 0.7 Ice Magic
 + Level 0.7 Air Magic
 + Level 0.7 Earth Magic
 + Level 0.7 Poison Magic
 + Level 1.1 Invocations
 + Level 1.0 Evocations


You had 5 spell levels left.
You didn't know any spells.
Your spell library was empty.

Dungeon Overview and Level Annotations

Branches:
Dungeon (2/15)

Altars:


Innate Abilities, Weirdness & Mutations

Your experience applies equally to all skills.
You have very sharp teeth.
Your uncanny sense of smell can sniff out nearby items.


Message History

You hit the goblin.
The goblin is moderately wounded.
The goblin barely misses you. The worm misses you.
You hit the goblin.
The goblin is heavily wounded.
The goblin closely misses you.
You barely miss the goblin.
The goblin is heavily wounded.
The goblin splashes around in the water.
The worm bites you!
You hit the goblin but do no damage.
The goblin is heavily wounded.
The goblin hits you with a +0 dagger.
You hit the goblin but do no damage.
The goblin is heavily wounded.
The worm bites you! The goblin hits you with a +0 dagger.
You completely miss the goblin.
The goblin is heavily wounded.
The goblin barely misses you. The worm bites you!
You die...

# #..# # #
#..# # #
#..# # #
#..### # #
..## ######
# #..#
#..... #
##''##
#.#### #
##≈..≈##
#.#... #
##≈g@.≈≈##
#....#
#≈≈.w..≈≈#
#.....
#≈......≈#
##....
#≈.[....(#
##.#.
#≈≈....(≈#
#.#.
##≈≈..≈(##
#...
##≈..(##
#.########.
##''###
#..........
#..#.#
#######....


You could see a worm and a goblin.

Vanquished Creatures
  3 adders (D:2)
  A dart slug (D:1)
  3 leopard geckos
  3 giant cockroaches (D:2)
  3 goblins
  6 hobgoblins
  2 quokkas (D:2)
  2 bats (D:2)
  A frilled lizard (D:1)
  2 kobolds
  3 rats
29 creatures vanquished.

Notes
Turn   | Place    | Note
-------+----------+-------------------------------------------
     0 | D:1      | varedna the Gnoll Wanderer began the quest for the Orb.
     0 | D:1      | varedna set off with the following items: a +2 dagger, a
                  | potion of haste, a potion of curing, 9 poisoned darts, a +0
                  | dagger, a +0 robe
     0 | D:1      | Reached XP level 1. HP: 20/20 MP: 1/1
   459 | D:1      | Reached XP level 2. HP: 26/26 MP: 2/2
  1072 | D:2      | Reached XP level 3. HP: 21/31 MP: 3/3
  1328 | D:2      | Reached skill level 6 in Stealth
  1412 | D:2      | Reached skill level 1 in Invocations
  1796 | D:2      | Reached skill level 1 in Short Blades
  1796 | D:2      | Reached skill level 1 in Long Blades
  1796 | D:2      | Reached skill level 1 in Axes
  1796 | D:2      | Reached skill level 1 in Maces & Flails
  1796 | D:2      | Reached skill level 1 in Polearms
  1796 | D:2      | Reached skill level 1 in Slings
  1796 | D:2      | Reached skill level 1 in Bows
  1796 | D:2      | Reached skill level 1 in Crossbows
  1796 | D:2      | Reached skill level 1 in Armour
  1796 | D:2      | Reached skill level 1 in Dodging
  1796 | D:2      | Reached skill level 1 in Shields
  1796 | D:2      | Reached skill level 1 in Spellcasting
  1796 | D:2      | Reached skill level 1 in Evocations
  1960 | D:2      | Reached XP level 4. HP: 38/38 MP: 5/5
  1975 | D:2      | Slain by a worm

Illustrated notes

Levels and vault maps discovered:
D:1:      onia_arrival_mini_spirals, layout_loops_ring
D:2:      layout_loops_ring, kennysheep_generic_room_3

Skill      XL: |  1  2  3 |
---------------+----------+-----
Stealth        | 6 |  6.0
Invocations    | 1 |  1.1
Short Blades   | 1 |  1.0
Long Blades    | 1 |  1.0
Axes           | 1 |  1.0
Maces & Flails | 1 |  1.0
Polearms       | 1 |  1.0
Slings         | 1 |  1.0
Bows           | 1 |  1.0
Crossbows      | 1 |  1.0
Armour         | 1 |  1.0
Dodging        | 1 |  1.0
Shields        | 1 |  1.0
Spellcasting   | 1 |  1.0
Evocations     | 1 |  1.0
Fighting       | |  4.6
Staves         | |  4.6
Throwing       | |  2.7
Unarmed Combat | |  4.6
Conjurations   | |  0.7
Hexes          | |  0.7
Summonings     | |  0.7
Necromancy     | |  0.7
Translocations | |  0.7
Transmutations | |  0.7
Fire Magic     | |  0.7
Ice Magic      | |  0.7
Air Magic      | |  0.7
Earth Magic    | |  0.7
Poison Magic   | |  0.7

Action                   |  1- 3 |  4- 6 || total
-------------------------+-------+-------++-------
Melee: Dagger            |   103 |    11 ||   114
       Bite              |    11 |     1 ||    12
 Stab: Sleeping          |     9 |       ||     9
Armor: Robe              |     9 |     1 ||    10
Dodge: Dodged            |    49 |     8 ||    57

Table legend: (Time is in decaauts)
 A = Elapsed time spent in this place.
 B = Non-inter-level travel time spent in this place.
 C = Inter-level travel time spent in this place.
 D = Time resting spent in this place.
 E = Time spent auto-exploring this place.
 F = Levels seen in this place.
 G = Mean time per level.
                   A        B        C        D        E       F      G
               +--------+--------+--------+--------+--------+-----+--------+
         Total |   1973 |   1973 |      0 |      0 |   1692 |   2 |  986.5 |
       Dungeon |   1973 |   1973 |      0 |      0 |   1692 |   2 |  986.5 |
               +--------+--------+--------+--------+--------+-----+--------+

Top non-repeatable levels by time:
     D:2: 1084 daAuts
     D:1: 888 daAuts
